 Seeded DCSS version 0.29-a0-219-g0a02b1cf4f (webtiles) character file.

Game seed: 13219885370010268331 (custom seed)

11 Hubjo the Sneak (level 2, 0/20 HPs)
             Began as a Vampire Enchanter on Feb 25, 2022.
             Succumbed to an adder's poison
             ... on level 2 of the Dungeon.
             The game lasted 00:01:04 (428 turns).

Hubjo the Sneak (Vampire Enchanter)                  Turns: 428, Time: 00:01:04

Health: 0/20       AC:  2    Str: 13    XL:     2   Next: 13%
Magic:  5/5        EV: 27    Int: 17    God:
Gold:   48         SH:  0    Dex: 14    Spells: 5/5 levels left

rFire   . . .      SeeInvis +   a - +1 dagger
rCold   . . .      Faith    .   (no shield)
rNeg    . . .      Spirit   .   b - +0 robe
rPois   .          Reflect  .   (no helmet)
rElec   .          Harm     .   (no cloak)
rCorr   .          Rampage  .   (no gloves)
Will    .....                   (no boots)
Stlth   +++.......              h - amulet of the acrobat
HPRegen 0.26/turn               l - +6 ring of strength
MPRegen 0.09/turn               (no ring)

@: lethally poisoned (0 -> -5), acrobatic, healing quickly
A: alive, fangs 3, see invisible, vampiric 1
a: Exsanguinate


You were on level 2 of the Dungeon.
You visited 1 branch of the dungeon, and saw 2 of its levels.

You collected 48 gold pieces.

Inventory:

Hand Weapons
 a - a +1 dagger (weapon)
Armour
 b - a +0 robe (worn)
Magical Staves
 e - a staff of air
Jewellery
 h - an amulet of the acrobat (around neck)
 l - a +6 ring of strength (left hand)
Scrolls
 d - 3 scrolls of fear
 g - 2 scrolls of identify {unknown}
 i - a scroll of teleportation {unknown}
 k - a scroll of summoning {unknown}
Potions
 c - a potion of invisibility
 f - 2 potions of brilliance {unknown}
 j - 2 potions of berserk rage {unknown}
 m - a potion of mutation {unknown}


   Skills:
 * Level 0.6 Fighting
 + Level 1.3 Short Blades
 + Level 2.3 Dodging
 * Level 4.8 Stealth
 - Level 2.0 Spellcasting
 + Level 4.4 Hexes


You had 5 spell levels left.
You didn't know any spells.
Your spell library contained the following spells:

 Spells                   Type           Power      Damage    Failure   Level
 Confusing Touch          Hex            16%        N/A       10%         3
 Tukima's Dance           Hex            16%        N/A       10%         3
 Ensorcelled Hibernation  Hex/Ice        18%        N/A       12%         2
 Dazzling Flash           Conj/Hex       18%        N/A       24%         3
 Corpse Rot               Necr/Air       2%         N/A       28%         2
 Dispel Undead            Necr           1%         3d6       88%         4
 Death Channel            Necr           0%         N/A       100%        6


Dungeon Overview and Level Annotations

Branches:
Dungeon (1/15)

Altars:

Shops:
D:1 :


Innate Abilities, Weirdness & Mutations

Your natural rate of healing is accelerated.
You have razor-sharp teeth.
You have supernaturally acute eyesight. (SInv)
You are afflicted with vampirism.


Message History

You hit the adder.
The adder is moderately wounded.
The adder bites you.
You hit the adder.
The adder is heavily wounded.
The adder barely misses you.
You hit the adder. You bite the adder.
The adder is severely wounded.
The adder bites you.
You are poisoned.
The adder poisons you! The adder bites you. The adder barely misses you.
You closely miss the adder. Your punch misses the adder.
The adder is severely wounded.
You feel sick. The adder completely misses you.
The adder bites you but does no damage.
You are too injured to fight recklessly!
You are too injured to fight recklessly!
You are too injured to fight recklessly!
You are too injured to fight recklessly!
You barely miss the adder.
The adder is severely wounded.
You feel sick. The adder bites you. The adder barely misses you.
You hit the adder.
The adder is almost dead.
You feel sick. The adder barely misses you. The adder bites you.
* * * LOW HITPOINT WARNING * * *
You are lethally poisoned!
The adder poisons you!
You barely miss the adder.
The adder is almost dead.
* * * LOW HITPOINT WARNING * * *
You feel sick. The adder bites you.
* * * LOW HITPOINT WARNING * * *
The adder closely misses you.
As you read the scroll labelled QAOD MIXAOGRUV, it crumbles to dust.
You assume a fearsome visage.
The adder looks frightened! x2
It was a scroll of fear.
* * * LOW HITPOINT WARNING * * *
You feel sick.
You die...

#.######.....####.##
#....".......###...##
#..#####.....##.....#
#... #.....###....#
##.S.# ####### ##.#.#
##.....## ###.#
........# #.# #..S...#
### #.# ......#@#
##>###)# ##....#.#####
##.#.##.#
#..#.......###.###.#.#
#. ###.###.##.##.....#
.. #.# #.......#.### #
..# ######.#.## ####
##.# ###


You could see 2 adders.

Vanquished Creatures
  An endoplasm (D:1)
  A goblin (D:1)
  4 jackals (D:1)
  A ball python (D:2)
  A bat (D:1)
  A frilled lizard (D:1)
  A kobold (D:2)
10 creatures vanquished.

Notes
Turn   | Place    | Note
-------+----------+-------------------------------------------
     0 | D:1      | Hubjo the Vampire Enchanter began the quest for the Orb.
     0 | D:1      | Reached XP level 1. HP: 13/13 MP: 3/3
    42 | D:1      | Found Arhuwn's Book Shop.
   206 | D:1      | Reached XP level 2. HP: 12/20 MP: 5/5
   329 | D:1      | You fall into a shaft and drop 1 floor!
   427 | D:2      | HP: 1/20 [poisoned by an adder]
   428 | D:2      | Succumbed to an adder's poison

Illustrated notes

Levels and vault maps discovered:
D:1:      dpeg_arrival_tiny_d, layout_rooms, serial_shops, shop,
          dilly_ecumenical_altar_fadedgnrine, nicolae_wormholes
D:2:      layout_loops_cross, minmay_pentomino_r4

Action                   || total
-------------------------++-------
Melee: Dagger            ||    45
       Bite              ||     4
  Use: Scroll            ||     1
 Stab: Sleeping          ||     1
Armor: Robe              ||    10
Dodge: Dodged            ||    41

Table legend: (Time is in decaauts)
 A = Elapsed time spent in this place.
 B = Non-inter-level travel time spent in this place.
 C = Inter-level travel time spent in this place.
 D = Time resting spent in this place.
 E = Time spent auto-exploring this place.
 F = Levels seen in this place.
 G = Mean time per level.
                   A        B        C        D        E       F      G
               +--------+--------+--------+--------+--------+-----+--------+
         Total |    424 |    420 |      4 |      0 |    275 |   2 |  212.0 |
       Dungeon |    424 |    420 |      4 |      0 |    275 |   2 |  212.0 |
               +--------+--------+--------+--------+--------+-----+--------+

Top non-repeatable levels by time:
     D:1: 326 daAuts
     D:2: 97 daAuts
